 Dungeon Crawl Stone Soup version 0.29.0-11-gd7f09526c8 (webtiles) character file.

Game seed: 11982302815087206371

1931 Acheron the Cleaver (level 8, 0/106 HPs)
             Began as a Minotaur Berserker on Sept 6, 2022.
             Was a Priest of Trog.
             Succumbed to a cane toad's poison
             ... on level 8 of the Dungeon.
             The game lasted 00:16:23 (5287 turns).

Acheron the Cleaver (Minotaur Berserker)            Turns: 5287, Time: 00:16:23

Health: 0/106      AC: 23    Str: 22    XL:     8   Next: 97%
Magic:  7/7        EV: 10    Int:  6    God:    Trog [***...]
Gold:   339        SH:  0    Dex: 18    Spells: 7/7 levels left

rFire   . . .      SeeInvis .   a - +1 hand axe (protect)
rCold   . . .      Faith    .   (no shield)
rNeg    . . .      Spirit   .   m - +3 chain mail of Mysticism {Dex+2}
rPois   .          Reflect  .   (helmet restricted)
rElec   .          Harm     .   (no cloak)
rCorr   .          Rampage  .   (no gloves)
Will    .....                   (no boots)
Stlth   ..........              (no amulet)
HPRegen 0.27/turn               k - +6 ring of dexterity
MPRegen 0.10/turn               q - +4 ring of protection

@: berserking, lethally poisoned (0 -> -30), under a protective aura, very quick
A: horns 2, retaliatory headbutt
a: Renounce Religion, Berserk, Trog's Hand


You were on level 8 of the Dungeon.
You worshipped Trog.
Trog was most pleased with you.
You visited 3 branches of the dungeon, and saw 11 of its levels.

You collected 339 gold pieces.

Inventory:

Hand Weapons
 a - a +1 hand axe of protection (weapon)
 r - a +2 dagger of freezing
Missiles
 h - 8 boomerangs (quivered)
 i - 9 poisoned darts
Armour
 m - the +3 chain mail of Mysticism (worn) {Dex+2}
   (You found it on level 2 of the Dungeon)

   Dex:       It affects your dexterity (+2).
Jewellery
 e - a ring of flight
 j - the amulet of Elemental Vulnerability {rPois rF-- rC-- AC+8}
   (You found it on level 4 of the Dungeon)

   [amulet of nothing]

   AC:        It affects your AC (+8).
   rF:        It makes you very vulnerable to fire.
   rC:        It makes you very vulnerable to cold.
   rPois:     It protects you from poison.
 k - a +6 ring of dexterity (left hand)
 n - a +6 ring of strength
 q - a +4 ring of protection (right hand)
Wands
 w - a wand of charming (7)
Scrolls
 o - a scroll of butterflies
 p - a scroll of teleportation
 s - a scroll of fear
 u - 2 scrolls of poison
 x - 2 scrolls of identify
 y - a scroll of vulnerability {unknown}
Potions
 b - 4 potions of heal wounds {unknown}
 c - a potion of brilliance
 d - 5 potions of mutation
 f - a potion of might
 g - a potion of haste {unknown}
 l - 3 potions of curing
 t - a potion of berserk rage {unknown}
 v - 2 potions of attraction {unknown}


   Skills:
 * Level 6.6 Fighting
 * Level 10.1 Axes
 * Level 1.5 Throwing
 * Level 5.3 Armour
 * Level 4.7 Dodging
 * Level 3.4 Stealth


You had 7 spell levels left.
You didn't know any spells.
Your spell library was empty.

Dungeon Overview and Level Annotations

Branches:
Dungeon (9/15)             Temple (1/1) D:5            Lair (1/5) D:8
    Orc: D:9-12

Altars:
Qazlal
The Shining One

Shops:
D:7 =*

Annotations:
D:5 Edmund
D:8 exclusion: downstairs


Innate Abilities, Weirdness & Mutations

You have a pair of horns on your head.
You reflexively headbutt those who attack you in melee.


Message History

You climb downwards.
Welcome to the Lair of Beasts!
You feel an oppressive heat about you.
There is an entrance to a volcano on this level.
Hurry and find it before the entrance collapses!
The cane toad croaks.
The polar bear growls angrily.
Found a scroll labelled DOKABLU OPIZXO and a pair of gloves.
There is a staircase back to the Dungeon here.
The cane toad stings you!
You are poisoned.
The cane toad poisons you!
You climb upwards.
Welcome back to the Dungeon!
Level annotation: exclusion: downstairs You feel extremely sick.
There is a staircase to the Lair here.
You barely miss the cane toad.
You feel very sick. The cane toad stings you!
You are more poisoned.
The cane toad poisons you!
A red film seems to cover your vision as you go berserk!
You feel yourself moving faster!
You feel mighty!
You feel very sick. The cane toad stings you!!
* * * LOW HITPOINT WARNING * * *
You barely miss the cane toad. Your headbutt misses the cane toad.
You feel very sick.
The cane toad stings you but does no damage.
You slash the cane toad!
Your weapon exudes an aura of protection.
The cane toad is moderately wounded.
You feel very sick.
You hit the cane toad. You headbutt the cane toad!!
The cane toad is almost dead.
You feel sick. The cane toad stings you!
* * * LOW HITPOINT WARNING * * *
You are more poisoned.
The cane toad poisons you!
You slash the cane toad!
You kill the cane toad!
Trog accepts your kill.
You die...

#........# #.####.#
#....<...###.####.###
#..............##.#.##
#..............##.#...
###.............##.#.#.
#........[......##.#.#.
#####.#.....).).....##.#.#.
#...#.#.....).......##.#...
#.#.#.#.#.@†........##.###.
#.#.#.#.#.#.#.########.....
#.#.#.#.#.#.#.###### ##....
#)#.>..............####....
##.###.#.#..).............##
#......#.#................#
########.#................#
#.#................##
#.###.#.#####......<.


There were no monsters in sight!

Vanquished Creatures
  A cane toad (D:8)
  A shadow (D:8)
  A wyvern (D:7)
  A water moccasin (D:6)
  A black bear (D:7)
  4 centaurs
  A kobold brigand (D:7)
  A phantom (D:4)
  2 bullfrogs
  A necrophage (D:7)
  2 scorpions
  4 killer bees (D:8)
  3 hounds
  3 orc priests (D:8)
  A jelly (D:4)
  An iguana (D:5)
  3 orc wizards
  7 gnolls
  An adder (D:3)
  2 shadow imps
  An ufetubus (D:6)
  A worm (D:4)
  3 dart slugs
  15 orcs
  7 endoplasms
  5 giant cockroaches
  6 goblins
  6 hobgoblins
  A jackal (D:2)
  2 quokkas
  6 ball pythons
  3 bats
  3 frilled lizards
  7 kobolds
  8 rats
115 creatures vanquished.

Notes
Turn   | Place    | Note
-------+----------+-------------------------------------------
     0 | D:1      | Acheron the Minotaur Berserker began the quest for the Orb.
     0 | D:1      | Reached XP level 1. HP: 19/19 MP: 0/0
   119 | D:1      | Reached skill level 4 in Axes
   127 | D:1      | Reached XP level 2. HP: 17/27 MP: 1/1
  1012 | D:2      | Reached XP level 3. HP: 29/33 MP: 2/2
  1201 | D:2      | Reached ** piety under Trog
  1401 | D:2      | Identified the +3 chain mail of Mysticism {Dex+2}
  1752 | D:3      | Reached skill level 1 in Stealth
  1782 | D:3      | Found a stormy altar of Qazlal.
  1782 | D:3      | Noticed a fire elemental
  1806 | D:3      | Reached XP level 4. HP: 28/40 MP: 3/3
  1946 | D:3      | Noticed an earth elemental
  1949 | D:3      | Noticed a water elemental
  1949 | D:3      | Noticed an air elemental
  2019 | D:3      | Reached skill level 5 in Axes
  2157 | D:3      | Found a faded altar of an unknown god.
  2418 | D:5      | Entered Level 5 of the Dungeon
  2425 | D:5      | Reached XP level 5. HP: 38/47 MP: 4/4
  2427 | D:5      | Noticed a phantom
  2441 | D:4      | Killed a phantom
  2442 | D:4      | Reached skill level 6 in Axes
  2551 | D:4      | Reached XP level 6. HP: 37/53 MP: 5/5
  2824 | D:4      | Found the amulet of Elemental Vulnerability {rPois rF--
                  | rC-- AC+8}
  2842 | D:5      | Found a staircase to the Ecumenical Temple.
  2852 | Temple   | Entered the Ecumenical Temple
  2856 | D:5      | Noticed Edmund
  2920 | D:6      | Noticed a water moccasin
  2928 | D:6      | Reached skill level 5 in Fighting
  2942 | D:6      | Killed a water moccasin
  2943 | D:6      | Reached skill level 7 in Axes
  2943 | D:6      | Reached XP level 7. HP: 24/61 MP: 6/6
  3543 | D:7      | Found Inavasue's Jewellery Shoppe.
  3595 | D:7      | Reached skill level 8 in Axes
  3600 | D:7      | Reached *** piety under Trog
  3604 | D:7      | Found Ikilleom's Overcharged Wands.
  3654 | D:8      | Found a staircase to the Lair.
  3917 | D:8      | Reached XP level 8. HP: 70/70 MP: 7/7
  4003 | D:8      | Reached skill level 9 in Axes
  4698 | D:7      | Reached skill level 1 in Throwing
  4812 | D:7      | Reached skill level 5 in Armour
  4902 | D:7      | Reached skill level 10 in Axes
  5233 | D:9      | Noticed a two-headed ogre
  5279 | Lair:1   | Entered Level 1 of the Lair of Beasts
  5279 | Lair:1   | Noticed a cane toad
  5279 | Lair:1   | Noticed a polar bear
  5286 | D:8      | HP: 4/106 [cane toad (15)]
  5287 | D:8      | Killed a cane toad
  5287 | D:8      | Succumbed to a cane toad's poison

Illustrated notes

Levels and vault maps discovered:
D:1:      saegor_arrival_simple_a, layout_basic
D:2:      layout_loops_ring, minmay_cupped
D:3:      minmay_razor_zed, layout_basic, nicolae_qazlal_style_of_elements,
          shapermc_ecumenical_altar_starsandcircs, nicolae_elevator_lobby_plus
D:4:      layout_rooms, demons_altar
D:5:      layout_rooms, grunt_temple_overflow_open, minmay_temple_entry_glass,
          nicolae_ossuary_entry_catacombs, uniq_edmund, uniq_duvessa,
          uniq_sigmund
D:6:      layout_basic
D:7:      layout_rooms, serial_shops, shop, nicolae_shop_overcharged_wands,
          uniq_menkaure
D:8:      layout_basic, lair_entry_dummy
D:9:      layout_irregular_city, minmay_door_square
Temple:   nicolae_temple_elliptical
Lair:1:   beast_lair_carwin_large_4, layout_chaotic_city,
          nicolae_volcano_entry_lava_flow, chequers_serial_rivers_large_a

Skill      XL: |  1  2  3  4  5  6  7  8 |
---------------+-------------------------+-----
Axes           | 4 5 6 7 8 10 | 10.1
Fighting       | 4 5 6 |  6.6
Stealth        | 1 2 3 |  3.4
Dodging        | 3 4 |  4.7
Armour         | 3 5 |  5.3
Throwing       | 1 |  1.5

Action                   |  1- 3 |  4- 6 |  7- 9 || total
-------------------------+-------+-------+-------++-------
Melee: Hand axe          |    97 |    94 |   151 ||   342
       Headbutt          |    17 |    13 |    32 ||    62
       Punch             |     2 |       |     4 ||     6
Throw: Boomerang         |       |       |     3 ||     3
Invok: Berserk           |       |       |     1 ||     1
  Use: Scroll            |     1 |     7 |     6 ||    14
 Stab: Sleeping          |     1 |       |       ||     1
Armor: Animal skin       |    12 |       |       ||    12
       Chain mail        |     8 |    56 |   104 ||   168
Dodge: Dodged            |    58 |    35 |    88 ||   181
